Map: Acropolis LE

Players

llllllllllll (GuMiho)

  • Race: Terran Terran
  • League: Master
  • Spawn Location: 11:00

TSGSolar (Solar) - Winner!

  • Race: Zerg Zerg
  • League: Diamond
  • Spawn Location: 5:00

Event: 2019 Assembly Summer

VOD

Have the link to the VOD?

Description

Time

  • Played on: Aug. 3, 2019, 6:25 a.m.
  • Length: 11:31

All games in this series

Show
View Real Time Build Order
Export as new Build Order

llllllllllll Terran 

Build Orders:  

Get SALT Encoding   

  12  0:00  SCV  
  13  0:12  SCV  
  14  0:17  Supply Depot  
  14  0:24  SCV  
  15  0:39  Barracks  
  15  0:42  Refinery  
  15  0:55  Barracks  
  15  0:59  SCV  
  16  1:11  SCV  
  18  1:27  Reaper, Orbital Command  
  18  1:42  Reaper  
  19  1:52  SCV  
  20  1:57  Supply Depot  
  20  1:59  Marine  
  21  2:06  Bunker x2  
  21  2:10  SCV  
  21  2:14  Marine  
  23  2:23  SCV  
  23  2:24  Bunker  
  23  2:28  Marine  
  24  2:32  Marine  
  24  2:35  SCV  
  26  2:42  Factory  
  25  2:46  Marine  
  25  2:50  Marine  
  26  3:01  SCV  
  26  3:04  Marine  
  28  3:08  Marine  
  29  3:16  SCV  
  30  3:28  SCV  
  30  3:30  Command Center  
  30  3:36  Factory Reactor  
  30  3:37  Refinery, Starport  
  30  3:40  SCV  
  31  3:49  Supply Depot  
  31  3:57  SCV  
  31  4:10  SCV  
  31  4:13  Hellion  
  31  4:14  Hellion  
  31  4:15  Medivac  
  38  4:23  SCV  
  39  4:31  Supply Depot  
  39  4:35  Liberator  
  39  4:41  SCV  
  39  4:42  Hellion x2  
  39  4:43  Orbital Command  
  39  4:45  Barracks Reactor  
  44  4:54  SCV  
  48  5:06  SCV  
  48  5:08  Barracks Tech Lab  
  48  5:10  SCV  
  49  5:15  Refinery  
  49  5:17  Barracks  
  49  5:18  SCV  
  49  5:19  Factory Tech Lab  
  50  5:22  SCV  
  50  5:23  Marine x2  
  53  5:29  Supply Depot  
  53  5:30  SCV  
  53  5:32  Stimpack, Marine  
  55  5:41  SCV  
  55  5:42  Siege Tank, SCV  
  56  5:43  Marine  
  56  5:45  Marine  
  58  5:50  Marine  
  58  5:51  Starport Reactor  
  58  5:53  SCV  
  58  5:54  SCV  
  61  5:58  Engineering Bay  
  61  6:01  Supply Depot  
  61  6:05  SCV  
  61  6:07  Marine x3  
  61  6:08  Marine x2  
  67  6:12  SCV  
  67  6:17  Supply Depot  
  67  6:18  SCV  
  69  6:22  Siege Tank  
  69  6:24  Terran Infantry Weapons Level 1  
  72  6:30  SCV x2  
  72  6:32  Supply Depot, Marine x2  
  76  6:34  Marine  
  76  6:36  Marine  
  76  6:38  Marine  
  79  6:43  Medivac x2  
  83  6:50  Marine x2  
  83  6:52  Marine  
  83  6:53  Marine  
  87  6:54  SCV  
  87  6:55  SCV  
  87  6:56  Supply Depot  
  87  7:00  Siege Tank  
  92  7:07  Marine  
  92  7:08  Marine  
  94  7:17  Supply Depot  
  94  7:18  Marine  
  94  7:21  Supply Depot x2  
  94  7:23  Marine x2  
  94  7:25  Marine x2  
  94  7:27  SCV  
  98  7:33  Combat Shield  
  98  7:36  SCV  
  99  7:39  SCV  
  99  7:40  Command Center  
  100  7:49  Siege Tank  
  103  7:58  Marine x2  
  101  7:59  Marine x3  
  101  8:00  SCV  
  101  8:01  SCV  
  105  8:13  SCV x2  
  105  8:16  Marine x2  
  105  8:17  Marine x2  
  105  8:19  Liberator  
  111  8:20  Supply Depot, Liberator, Terran Infantry Armor Level 1  
  111  8:21  Supply Depot, Siege Tank  
  114  8:30  Marine  
  114  8:33  Marine  
  114  8:34  Marine  
  117  8:35  Marine  
  117  8:38  Marine  
  125  8:42  Refinery  
  125  8:48  Marine  
  124  8:51  Marine x2  
  124  8:53  Marine  
  124  8:54  Orbital Command  
  128  8:56  Marine  
  128  8:59  Siege Tank  
  132  9:06  Marine  
  132  9:08  Barracks  
  132  9:09  Liberator x2, Marine x2, Barracks  
  134  9:10  Marine  
  131  9:19  Marine  
  131  9:24  Marine  
  131  9:27  Marine x2  
  131  9:28  Orbital Command  
  131  9:29  Marine  
  141  9:35  Siege Tank  
  141  9:37  Marine  
  145  9:41  Marine  
  146  9:48  Marine x2  
  147  9:53  Marine  
  147  9:55  Marine, SCV  
  147  9:56  SCV  
  147  9:59  Marine x2, Barracks Tech Lab, SCV  
  154  10:02  Supply Depot  
  154  10:03  Supply Depot  
  154  10:04  Supply Depot  
  154  10:08  SCV  
  155  10:21  Marine x2  
  155  10:24  Marine, Siege Tank  
  154  10:38  Missile Turret  
  154  10:41  Marine x3  
  154  10:42  Marine  
  154  10:43  Marine x2  
  154  10:44  Marine  
  130  10:56  Siege Tank  
  126  10:59  Marine x4  
  124  11:06  Marine x2  
  124  11:08  Marine  
  124  11:10  Missile Turret  
Show
View Real Time Build Order
Export as new Build Order

TSGSolar Zerg - Winner!

Build Orders: Hatch First 

Get SALT Encoding   

  12  0:01  Drone  
  13  0:13  Overlord  
  13  0:17  Drone  
  14  0:31  Drone x2  
  16  0:48  Hatchery  
  15  0:51  Drone  
  15  0:54  Drone  
  17  0:57  Drone  
  18  1:09  Extractor  
  17  1:13  Spawning Pool  
  17  1:17  Drone  
  17  1:21  Drone  
  19  1:33  Overlord  
  19  2:00  Zergling x6  
  19  2:01  Queen x2, Zergling x2  
  23  2:04  Extractor  
  23  2:08  Spine Crawler  
  25  2:11  Zergling x2  
  25  2:13  Zergling x2  
  27  2:22  Zergling x2  
  27  2:28  Zergling x2  
  27  2:35  Zergling x4  
  27  2:37  Queen  
  30  2:45  Zergling x2  
  30  2:46  Zergling x2  
  32  2:52  Queen  
  34  3:00  Overlord  
  34  3:03  Drone  
  35  3:08  Drone  
  36  3:20  Drone x2  
  36  3:21  Drone  
  36  3:24  Drone  
  36  3:25  Zergling x2  
  39  3:29  Zergling x2  
  40  3:36  Metabolic Boost  
  40  3:39  Drone  
  41  3:44  Overlord  
  41  3:48  Drone  
  42  3:49  Drone  
  42  3:54  Overlord  
  43  3:58  Overlord  
  43  4:06  Drone  
  44  4:13  Drone  
  45  4:19  Drone x4  
  49  4:31  Drone x2  
  49  4:35  Hatchery  
  49  4:36  Overlord  
  50  4:43  Roach Warren  
  50  4:44  Drone x2  
  51  4:49  Drone x2  
  51  4:51  Drone x3  
  56  4:54  Drone  
  56  4:57  Queen  
  59  5:01  Drone  
  59  5:04  Drone  
  60  5:10  Drone x2  
  62  5:16  Extractor  
  62  5:17  Extractor  
  62  5:18  Lair  
  62  5:19  Drone  
  62  5:20  Drone  
  62  5:21  Spore Crawler  
  61  5:24  Drone x5  
  61  5:28  Overlord  
  66  5:32  Drone  
  67  5:38  Drone  
  66  5:43  Drone  
  66  5:47  Drone x2  
  66  5:49  Queen  
  71  5:52  Drone  
  71  5:53  Drone x2  
  71  5:54  Overlord  
  74  5:58  Overlord  
  73  6:08  Overlord  
  73  6:10  Drone  
  73  6:11  Drone x2, Extractor  
  76  6:12  Extractor  
  76  6:17  Roach x3  
  76  6:18  Glial Reconstitution  
  80  6:20  Overseer  
  80  6:22  Drone x2  
  80  6:24  Roach x2  
  86  6:26  Overlord  
  86  6:32  Spore Crawler, Drone x2  
  87  6:34  Drone x4  
  87  6:39  Roach  
  93  6:43  Overlord  
  93  6:44  Roach  
  95  6:49  Roach x3  
  95  6:51  Ravager x4  
  95  6:54  Roach x2  
  108  6:57  Overlord  
  108  7:02  Roach x2  
  108  7:03  Roach x2  
  108  7:05  Overlord  
  108  7:06  Roach  
  118  7:12  Overlord  
  118  7:14  Roach  
  118  7:15  Roach  
  122  7:17  Overlord  
  122  7:20  Drone  
  122  7:21  Evolution Chamber x2  
  120  7:23  Drone, Overlord  
  120  7:26  Overlord  
  121  7:31  Drone  
  121  7:32  Roach x3  
  121  7:34  Overlord  
  121  7:35  Roach x2  
  132  7:37  Ravager  
  132  7:38  Ravager x2  
  132  7:40  Overlord  
  132  7:44  Zergling x8  
  139  7:53  Roach x3  
  145  8:00  Ravager  
  145  8:03  Drone x4  
  145  8:04  Zerg Ground Armor Level 1, Zerg Missile Weapons Level 1, Extractor  
  145  8:05  Drone x2  
  150  8:09  Roach x5  
  150  8:11  Zergling x2  
  156  8:18  Zergling x4  
  156  8:19  Overlord  
  158  8:25  Ravager  
  158  8:26  Overseer, Baneling Nest  
  158  8:29  Zergling x4  
  160  8:35  Hatchery  
  160  8:36  Roach x2, Zergling x4  
  160  8:40  Overlord  
  161  8:42  Drone, Zergling x6  
  161  8:48  Drone x4  
  169  8:52  Drone x2  
  169  8:53  Infestation Pit  
  169  8:58  Tunneling Claws, Burrow  
  169  9:02  Zergling x4  
  171  9:15  Hatchery  
  169  9:19  Centrifical Hooks  
  169  9:21  Overlord  
  169  9:24  Zergling x22  
  172  9:29  Hive  
  172  9:30  Drone  
  179  9:40  Zergling x6  
  182  9:45  Zergling x4  
  182  9:50  Roach x12  
  182  9:51  Zergling x2  
  182  9:52  Baneling x11  
  179  9:59  Zergling x20  
  188  10:02  Baneling x7  
  188  10:10  Zergling x6  
  188  10:14  Roach x5, Ravager x2  
  191  10:19  Baneling x8  
  193  10:22  Roach  
  193  10:23  Roach x2, Overlord x2  
  193  10:24  Roach, Overlord  
  193  10:26  Overlord  
  192  10:28  Zergling x4  
  192  10:29  Zergling x2  
  192  10:30  Roach x4  
  192  10:32  Roach  
  192  10:33  Roach x2  
  192  10:35  Overlord  
  194  10:38  Queen  
  194  10:39  Roach x2  
  194  10:40  Roach x2  
  194  10:42  Zergling x12  
  200  10:48  Zergling x6  
  199  10:52  Roach x4, Zergling x6  
  193  10:57  Baneling x3  
  193  11:01  Viper  
  193  11:02  Ultralisk Cavern, Roach x4  
  194  11:05  Zergling x12  
  194  11:09  Zergling x2  
Tags
 
Add a new tag
Caveats
  • Supply blocks, unpowered buildings, or Contaminate may cause inaccurate times.
  • Supply counts are checked every 10 seconds.